 Dungeon Crawl Stone Soup version 0.25.1-2-g60ff931df9 (webtiles) character file.

Game seed: 16935791676165514432

214 Luthien the Conjurer (level 5, -2/29 HPs)
             Began as a Deep Elf Conjurer on Aug 19, 2020.
             Shot with a sling bullet by Joseph (12 damage)
             ... on level 7 of the Dungeon.
             The game lasted 00:11:07 (4451 turns).

Luthien the Conjurer (Deep Elf Conjurer)            Turns: 4451, Time: 00:11:07

Health: -2/29      AC:  5    Str:  5    XL:     5   Next: 59%
Magic:  9/13       EV: 13    Int: 21    God:
Gold:   140        SH:  0    Dex: 15    Spells: 2/13 levels left

rFire    . . .     SeeInvis .   f - +2 short sword (elec)
rCold    . . .     Gourm    .   (no shield)
rNeg     . . .     Faith    .   t - +0 leather armour
rPois    .         Spirit   .   u - +0 helmet
rElec    .         Reflect  .   (no cloak)
rCorr    .         Harm     .   h - +0 pair of gloves
MR       .....                  (no boots)
Stlth    ++........             (no amulet)
HPRegen  0.09/turn              (no ring)
MPRegen  0.13/turn              (no ring)

@: no status effects
A: no striking features
a: no special abilities


You were on level 7 of the Dungeon.
You were not hungry.

You visited 1 branch of the dungeon, and saw 5 of its levels.

You collected 140 gold pieces.

Inventory:

Hand Weapons
 f - a +2 short sword of electrocution (weapon)
 g - a +0 dagger
 n - a +0 dagger
 p - a +2 whip of electrocution
 r - a +0 hunting sling
 z - a +2 hand axe of electrocution
Missiles
 b - 125 stones (quivered)
 o - 8 javelins
Armour
 a - a +0 robe
 h - a +0 pair of gloves (worn)
 q - a +0 helmet
 t - a +0 leather armour (worn)
 u - a +0 helmet (worn)
Jewellery
 y - a +4 ring of protection
Scrolls
 d - 2 scrolls of amnesia {unknown}
 e - 4 scrolls of identify {unknown}
 j - a scroll of fog {unknown}
 k - 2 scrolls of teleportation {unknown}
 l - 2 scrolls of noise {unknown}
 m - a scroll of enchant weapon {unknown}
 w - 2 scrolls of enchant armour {unknown}
 x - a scroll of immolation {unknown}
Potions
 i - 2 potions of lignification {unknown}
 v - a potion of heal wounds {unknown}
 A - a potion of might {unknown}
Comestibles
 c - 7 rations


   Skills:
 + Level 1.1 Fighting
 + Level 3.9 Dodging
 + Level 4.2 Stealth
 + Level 4.5 Spellcasting
 + Level 5.3 Conjurations


You had 2 spell levels left.
You knew the following spells:

 Your Spells              Type           Power        Failure   Level  Hunger
a - Magic Dart            Conj           ####         2%          1    None
b - Searing Ray           Conj           ####..       3%          2    #......
i - Iskenderun's Mystic   Conj/Tloc      ###.....     54%         4    ####...
p - Fulminant Prism       Conj/Hex       ###.......   54%         4    ####...

Your spell library contained the following spells:

 Spells                   Type           Power        Failure   Level  Hunger
 Dazzling Flash           Conj/Hex       ###...       19%         3    ##.....


Dungeon Overview and Level Annotations

Branches:
Dungeon (4/15)
 Temple: D:4-7

Altars:
Ashenzari

Annotations:
D:7 Joseph


Message History

Casting: Searing Ray (safe; 3% risk of failure)
Confirm with . or Enter, or press ? or * to list all spells.
Aiming: Searing Ray (safe; 3% risk of failure)
Press: ? - help, Shift-Dir - straight line, f - Joseph
Aim: Joseph, wielding a +0 quarterstaff, wearing a +0 ring mail and quivering 33 sling bullets (asleep)
The searing ray hits Joseph.
Joseph is lightly wounded. (Press . to maintain the ray.) Joseph unwields a +0 quarterstaff.
Joseph wields a cursed +0 hunting sling.
Joseph shoots a sling bullet.
The sling bullet hits you!!
Ouch! That really hurt!
Unknown command.
The searing ray hits Joseph!
Joseph is lightly wounded.
Unknown command.
The searing ray hits Joseph.
Joseph is moderately wounded.
Joseph shoots a sling bullet.
The sling bullet hits you!
You die...

.# .# #+ .##
#.## @. #..#
.# #.##.#
#######....###
#........@...#
#.^......#.#.#
#............#
#.......#..###
#......##..#
#.....[# #>#
#......# .#
######## .# ##


You could see Joseph.

Vanquished Creatures
  A hound (D:7)
  Robin (D:2)
  4 adders
  3 oozes
  An adder skeleton (D:3)
  5 worms
  4 dart slugs (D:1)
  3 leopard geckos
  2 orcs (D:3)
  4 giant cockroaches
  18 goblins
  11 hobgoblins
  5 jackals (D:1)
  A quokka (D:2)
  9 bats
  9 frilled lizards
  6 kobolds
  3 rats (D:1)
90 creatures vanquished.

Notes
Turn   | Place    | Note
-------+----------+-------------------------------------------
     0 | D:1      | Luthien the Deep Elf Conjurer began the quest for the Orb.
     0 | D:1      | Reached XP level 1. HP: 10/10 MP: 6/6
   338 | D:1      | Reached XP level 2. HP: 15/15 MP: 4/8
   342 | D:1      | Learned a level 2 spell: Searing Ray
  1014 | D:1      | Reached XP level 3. HP: 15/19 MP: 3/10
  1806 | D:2      | Reached XP level 4. HP: 24/24 MP: 3/11
  1893 | D:2      | Noticed Robin
  2183 | D:2      | Reached skill level 5 in Conjurations
  2264 | D:2      | Killed Robin
  2892 | D:2      | Learned a level 4 spell: Fulminant Prism
  2897 | D:2      | Learned a level 4 spell: Iskenderun's Mystic Blast
  2927 | D:2      | Reached XP level 5. HP: 28/28 MP: 9/13
  3622 | D:3      | Found a shattered altar of Ashenzari.
  3742 | D:3      | Reached skill level 1 in Fighting
  4412 | D:4      | You fall into a shaft and drop 3 floors!
  4445 | D:7      | Noticed Joseph
  4451 | D:7      | Shot with a sling bullet by Joseph

Illustrated notes

Levels and vault maps discovered:
D:1:      dpeg_arrival_short_road, layout_basic
D:2:      layout_loops_ring, uniq_robin
D:3:      layout_basic, nicolae_overflow_hidden_temple
D:4:      layout_gridville, kennysheep_mini_moat, elyvilon_altar_4, bloody_trog,
          chequers_temple_overflow_statue_of_worship,
          minmay_temple_entry_drinking_statues
D:7:      layout_basic, nicolae_overflow_crystal_walls, uniq_joseph

Skill      XL: |  1  2  3  4  5 |
---------------+----------------+-----
Stealth        | 3 4 |  4.2
Dodging        | 3 |  3.9
Spellcasting   | 4 |  4.5
Conjurations   | 5 |  5.3
Fighting       | 1 |  1.1

Action                   |  1- 3 |  4- 6 || total
-------------------------+-------+-------++-------
Melee: Dagger            |    17 |       ||    17
       Short sword       |       |     4 ||     4
 Cast: Magic Dart        |    41 |     7 ||    48
       Searing Ray       |    21 |    42 ||    63
  Eat: Chunk             |     3 |     9 ||    12
Armor: Robe              |     5 |     2 ||     7
       Leather armour    |       |     3 ||     3
Dodge: Dodged            |    30 |     6 ||    36
